Cogmind - Beta 15 @@@ ROGUE MODE // 2025.06.06 @ 20:39:33 Player: ldi (hl). (hl) Result: Destroyed by 7D-PO4(R) with Subdweller Machine Gun Performance ------------- Evolutions (0) 0 Regions Visited (3) 600 Robots Destroyed (15) 75 Value Destroyed (424) 424 Prototype IDs (3) 60 Alien Tech Used (0) 0 Bonus (60) 60 TOTAL SCORE: 1219 Bonus ------- Follower Combat Kills 60 Cogmind --------- Core Integrity 0/250 Matter 264/300 Energy 192/200 System Corruption 0% Temperature Cool (18) Movement Walking (400) Ox4 Location -10/Subcaves Parts ------- > --- POWER (1) -------- Subdweller Power Source > --- PROPULSION (2) --- Aluminum Leg > --- UTILITY (2) ------ Large Storage Unit Medium Armor Plating > --- WEAPON (2) ------- Subdweller Laser Subdweller Beam Cannon > --- INVENTORY (15) --- Subdweller Power Source Aluminum Leg Aluminum Leg Improved Heat Sink Disposable Heat Sink Sensor Array Medium Armor Plating Scrap Shield Fragment (49) Scrap Shield Fragment (48) Scrap Shield Fragment (43) Scrap Shield Fragment (40) Scrap Shield Fragment (39) Peak State ------------ > --- POWER ------------ Light Angular Momentum Engine > --- PROPULSION ------- Aluminum Leg Aluminum Leg > --- UTILITY ---------- Large Storage Unit Signal Interpreter > --- WEAPON ----------- Medium Laser Subdweller Machine Gun > --- INVENTORY -------- Subdweller Power Source Aluminum Leg Aluminum Leg Aluminum Leg Aluminum Leg Improved Heat Sink Disposable Heat Sink Sensor Array Light Armor Plating Medium Armor Plating Medium Armor Plating Grenade Launcher Scrap Shield Fragment Scrap Shield Fragment Scrap Shield Fragment [Rating: 14] Favorites ----------- Power Ion Engine Engine Ion Engine Propulsion Aluminum Leg Leg Aluminum Leg Utility Signal Interpreter Storage Large Storage Unit Processor Signal Interpreter Protection Medium Armor Plating Weapon Medium Laser Energy Gun Medium Laser Energy Cannon Subdweller Beam Cannon Ballistic Gun Light Assault Rifle Launcher Grenade Launcher Build | -11 -10 -10 -10 ------- Run | Yrd Mat Min Sub Slots Evolved . | . . . . Power . | . . . . Propulsion . | . . . . Utility . | . . . . Weapon . | . . . . Parts Attached 20 | 4 10 . 6 Power 4 | 1 1 . 2 Engine 4 | 1 1 . 2 Core . | . . . . Reactor . | . . . . Propulsion 5 | 2 3 . . Treads . | . . . . Leg 5 | 2 3 . . Wheel . | . . . . Hover . | . . . . Flight . | . . . . Utility 4 | 1 2 . 1 Device . | . . . . Storage 2 | 1 1 . . Processor 1 | . 1 . . Hackware . | . . . . Protection 1 | . . . 1 Artifact . | . . . . Weapon 7 | . 4 . 3 Energy Gun 3 | . 2 . 1 Energy Cannon 1 | . . . 1 Ballistic Gun 2 | . 1 . 1 Ballistic Cannon . | . . . . Launcher 1 | . 1 . . Special Weapon . | . . . . Impact Weapon . | . . . . Slashing Weapon . | . . . . Piercing Weapon . | . . . . Special Melee Weapon . | . . . . Unidentified Prototypes . | . . . . Parts Lost 8 | . 1 . 7 Power 2 | . 1 . 1 Propulsion 3 | . . . 3 Utility . | . . . . Weapon 3 | . . . 3 Highest Loss Streak 4 | . 1 . 4 To Critical Strikes . | . . . . Average Backups 8 | 1 5 8 10 Power . | . . . . Propulsion 3 | . 1 4 3 Utility 3 | . 1 3 5 Weapon 1 | . 2 1 . Tool/Special . | . . . . Unused Backups 7 | . . . 7 Power 1 | . . . 1 Propulsion 1 | . . . 1 Utility 5 | . . . 5 Weapon . | . . . . Tool/Special . | . . . . Average Slot Usage (%) 96 | . 90 100 98 Engine 13 | . 13 14 13 Leg 27 | . 28 28 27 Storage 14 | . 14 14 14 Processor 13 | . 12 14 13 Energy Gun 20 | . 11 28 22 Ballistic Gun 4 | . 9 . 4 Peak Build Rating 14 | 4 8 8 14 Average Rating 9 | 3 6 8 11 On Entrance 5 | . 4 8 8 Naked Turns . | . . . . Heaviest Build 33 | 10 30 29 33 Greatest Support 20 | 20 20 20 20 Greatest Overweight (x) 2 | . 1 1 2 Average Overweight (x) . | . . 1 1 Largest Inventory Capacity 15 | 8 15 15 15 Average Capacity 14 | 6 13 15 15 Most Carried 15 | 4 8 9 15 Average Carried 10 | 1 5 8 13 Final Capacity 15 | 8 15 15 15 Final Carried 12 | 4 8 9 12 Class Distribution -------------------- 89% | Mutant 10% | Scavenger-Mutant Dominant Class ---------------- Mutant | -10/Materials Mutant | -10/Mines Mutant | -10/Subcaves Resources | -11 -10 -10 -10 ----------- Run | Yrd Mat Min Sub Matter Collected 443 | 161 177 60 45 Remotely . | . . . . Salvage Created 412 | . 321 15 76 Parts 29 | . 19 3 7 Haulers Intercepted . | . . . . Recyclers Shooed 1 | . . 1 . Parts Field Recycled . | . . . . Retrieved Matter . | . . . . Parts Self-Destructed 2 | . . . 2 Prevented . | . . . . Kills | -11 -10 -10 -10 ------- Run | Yrd Mat Min Sub Combat Hostiles Destroyed 13 | . 9 . 4 Guns 8 | . 6 . 2 AOE 5 | . 3 . 2 Classes Destroyed 5 | . 3 1 1 Worker 1 | . . 1 . Recycler 1 | . 1 . . Swarmer 3 | . 3 . . Grunt 6 | . 6 . . Subdweller 4 | . . . 4 Best Kill Streak 3 | . 3 1 3 Combat Bots Only 3 | . 3 . 3 Max Kills in Single Turn 2 | . 1 1 2 Gunslinging . | . . . . Exploded 2 | . 1 . 2 Melee . | . . . . Uniques/NPCs Destroyed . | . . . . Combat | -11 -10 -10 -10 -------- Run | Yrd Mat Min Sub Hostile Shots Fired 56 | . 35 . 21 Missed 14 | . 9 . 5 Hits 42 | . 26 . 16 Projectile 42 | . 26 . 16 AOE 5 | . . . 5 Critical Strikes 2 | . 1 . 1 Damage Taken 1036 | . 367 . 669 Core 261 | . 83 . 178 Absorbed by Shields . | . . . . Core Remaining (%) 100 | 100 . . . Volleys Fired 42 | . 27 2 13 Largest 2 | . 2 2 2 Hottest 140 | . 70 90 140 Shots Fired 76 | . 50 4 22 Gun 70 | . 46 4 20 Cannon 1 | . . . 1 Launcher 5 | . 4 . 1 Special . | . . . . Kinetic 31 | . 23 . 8 Thermal 34 | . 23 2 9 Explosive 5 | . 4 . 1 Electromagnetic 6 | . . 2 4 Robot Hit Streak 8 | . 6 3 8 Robot Miss Streak 3 | . 3 3 2 Penetration Max . | . . . . Secondary Targets 2 | . 2 . . Max Gunslinging Chain 1 | . 1 . . Shots Hit Robots 47 | . 30 3 14 Core Hits 29 | . 19 2 8 Critical Kills . | . . . . Critical Parts Destroyed . | . . . . Critical Strikes . | . . . . Melee Attacks . | . . . . Impact . | . . . . Slashing . | . . . . Piercing . | . . . . Sneak Attacks . | . . . . Combat Hostiles . | . . . . Follow-up Attacks . | . . . . Damage Inflicted 845 | . 475 38 332 Guns 599 | . 345 38 216 Cannons 26 | . . . 26 Explosions 220 | . 130 . 90 Melee . | . . . . Ramming . | . . . . Kinetic 271 | . 145 . 126 Thermal 311 | . 200 26 85 Explosive 220 | . 130 . 90 Electromagnetic 43 | . . 12 31 Impact . | . . . . Slashing . | . . . . Piercing . | . . . . Highest Corruption . | . . . . Average Corruption . | . . . . Corruption Purged . | . . . . Corruption Blocked . | . . . . Overload Shots . | . . . . Overflow Damage . | . . . . Projectiles . | . . . . Explosions . | . . . . Melee . | . . . . Knockbacks . | . . . . Impact . | . . . . Kinetic . | . . . . Secondary . | . . . . Self-Inflicted Damage 44 | . 44 . . Shots 2 | . 2 . . Rammed . | . . . . Targets Rammed . | . . . . Kicked . | . . . . Crushed . | . . . . Highest Temperature 179 | . 179 30 18 Average Temperature 62 | . 68 18 13 Received Heat Transfer 249 | . 195 . 54 Siege Activations . | . . . . Martial Activations . | . . . . Shielding Activations . | . . . . Robots Disrupted . | . . . . Combat Hostiles . | . . . . Robots Corrupted . | . . . . Combat Hostiles . | . . . . Parts Fried . | . . . . Impact Corruptions . | . . . . Robots Melted . | . . . . Combat Hostiles . | . . . . Parts Melted . | . . . . Heat Transferred 839 | . 592 74 173 Parts Sabotaged . | . . . . Parts Stolen . | . . . . Parts Stripped . | . . . . Power Chain Reactions . | . . . . Alert | -11 -10 -10 -10 ------- Run | Yrd Mat Min Sub Maximum Alert Level . | . . . . Low Security (%) 100 | 100 100 100 . Level 1 . | . . . . Level 2 . | . . . . Level 3 . | . . . . Level 4 . | . . . . Level 5 . | . . . . High Security . | . . . . Max Security . | . . . . Peak Influence 121 | . 121 40 . Initial 40 | . . 40 . Average 18 | . 31 5 . Influence Increases 259 | . 254 5 . Destroy 0b10 Robot/C 180 | . 180 . . Destroy 0b10 Robot/NC 10 | . 5 5 . Destroy Leader 40 | . 40 . . Disable Machine 15 | . 15 . . Destroy Structure 14 | . 14 . . Influence Decreases 259 | . 149 110 . Entered New Map 65 | . . 65 . Time Decay 184 | . 139 45 . Lost Part 10 | . 10 . . Squads Dispatched 3 | . 3 . . Investigation 1 | . 1 . . Extermination . | . . . . Reinforcement 2 | . 2 . . Assault . | . . . . Garrison . | . . . . Intercept . | . . . . Searches Triggered . | . . . . Construction Impeded . | . . . . Haulers Reinforced . | . . . . Active Scanning Responses . | . . . . Cargo Convoy Interrupts . | . . . . Stealth | -11 -10 -10 -10 --------- Run | Yrd Mat Min Sub Distress Signals 1 | . 1 . . Communications Jammed . | . . . . Distress Signals . | . . . . Times Spotted 21 | . 12 . 9 Peak Tracking Total 5 | . 5 . 3 Tactical Retreats . | . . . . Traps | -11 -10 -10 -10 ------- Run | Yrd Mat Min Sub Traps Triggered 5 | . 1 . 4 Indirectly . | . . . . Trap Hack Attempts . | . . . . Triggered . | . . . . Disarmed . | . . . . Reprogrammed . | . . . . Reused . | . . . . Traps Extracted . | . . . . Installed . | . . . . Triggered . | . . . . Machines | -11 -10 -10 -10 ---------- Run | Yrd Mat Min Sub Machines Disabled 1 | . 1 . . Max in Single Turn 1 | . 1 . . Machines Repaired . | . . . . Machines Dismantled . | . . . . Machines Sabotaged . | . . . . Overloaded Fab Kills . | . . . . Hacking | -11 -10 -10 -10 --------- Run | Yrd Mat Min Sub Machines Accessed 2 | . 2 . . Terminals 2 | . 2 . . Fabricators . | . . . . Repair Stations . | . . . . Recycling Units . | . . . . Scanalyzers . | . . . . Garrison Access . | . . . . Total Hacks 4 | . 4 . . Successful 1 | . 1 . . Failed 3 | . 3 . . Catastrophic . | . . . . Database Lockouts . | . . . . Manual . | . . . . Terminals 4 | . 4 . . Fabricators . | . . . . Repair Stations . | . . . . Recycling Units . | . . . . Scanalyzers . | . . . . Garrison Access . | . . . . Terminal Hacks 1 | . 1 . . Prototype ID Bank 1 | . 1 . . Fabricator Hacks . | . . . . Repair Station Hacks . | . . . . Recycling Unit Hacks . | . . . . Scanalyzer . | . . . . Garrison Access Hacks . | . . . . Unauthorized Hacks . | . . . . Terminals . | . . . . Fabricators . | . . . . Repair Stations . | . . . . Recycling Units . | . . . . Scanalyzers . | . . . . Garrison Access . | . . . . Data Cores Recovered . | . . . . Used . | . . . . Hacking Detections 2 | . 2 . . Full Trace Events . | . . . . Feedback Events . | . . . . Feedback Blocked . | . . . . Robot Schematics Acquired . | . . . . Robots Built . | . . . . Authchips . | . . . . Time . | . . . . Total Robot Build Rating . | . . . . Part Schematics Acquired . | . . . . Parts Built . | . . . . Authchips . | . . . . Time . | . . . . Total Part Build Rating . | . . . . Parts Repaired . | . . . . Time . | . . . . Parts Recycled . | . . . . Recycled Matter . | . . . . Retrieved Matter . | . . . . Retrieved Components . | . . . . Parts Scanalyzed . | . . . . Part Schematics Acquired . | . . . . Parts Damaged . | . . . . Bothacking | -11 -10 -10 -10 ------------ Run | Yrd Mat Min Sub Used RIF Installer . | . . . . Robots Hacked . | . . . . Non-combat . | . . . . Combat . | . . . . Robot Hacks Applied . | . . . . Relay Couplers Released . | . . . . Fabnet Peak Effective % . | . . . . Robots Rewired . | . . . . Allies Hacked . | . . . . Hacks Repelled . | . . . . Allies | -11 -10 -10 -10 -------- Run | Yrd Mat Min Sub Total Allies 2 | . . 2 . Largest Group 2 | . . 2 2 Highest-Rated Group 52 | . . 48 52 Highest-Rated Ally 31 | . . 31 31 Total Orders . | . . . . Ally Attacks 12 | . . . 12 Total Damage 253 | . . . 253 Kills 2 | . . . 2 Allies Corrupted . | . . . . Allies Melted . | . . . . Intel | -11 -10 -10 -10 ------- Run | Yrd Mat Min Sub Active Infowar (turns) . | . . . . Robot Analysis Total . | . . . . Derelict Logs Recovered . | . . . . Drone Launches . | . . . . Drone Recoveries . | . . . . Exploration | -11 -10 -10 -10 ------------- Run | Yrd Mat Min Sub Turns Passed 1585 | 51 442 370 722 Spaces Moved 742 | 37 209 153 343 Core 4 | 4 . . . Treads . | . . . . Legs 738 | 33 209 153 343 Wheels . | . . . . Hover . | . . . . Flight . | . . . . Fastest Speed 50 | 50 120 190 190 Average Speed 180 | 112 168 190 190 Slowest Speed 260 | 120 190 190 260 Overloaded Moves . | . . . . Propulsion Burnouts . | . . . . Robots Hopped . | . . . . Potential Cave-ins . | . . . . Cave-ins Triggered . | . . . . Exploration Rate (%) 31 | 3 48 57 19 Regions Visited 3 Branch Regions 2 Pre-discovered Areas . | . . . . Known Exits Taken 2 | . 1 1 . Unknown Exits Taken 1 | 1 . . . Scrap Searched 2 | . . 2 . Spaces Dug . | . . . . Terrain Destroyed 22 | . 20 . 2 Melee . | . . . . Projectile . | . . . . AOE 22 | . 20 . 2 Terrain Rammed . | . . . . Walls Destroyed . | . . . . Machines Disabled . | . . . . Actions | -11 -10 -10 -10 --------- Run | Yrd Mat Min Sub Total 916 | 45 253 229 389 Wait 83 | . . 74 9 Move 739 | 36 208 152 343 Hop . | . . . . Pick Up 22 | 5 5 1 11 Fast Attach 5 | 3 1 . 1 Attach 12 | 1 4 . 7 Detach 2 | . 1 . 1 Swap 6 | . 5 . 1 Drop 5 | . 2 . 3 Fire 42 | . 27 2 13 Melee . | . . . . Ram . | . . . . Kick . | . . . . Crush . | . . . . Escape Stasis . | . . . . Rewire . | . . . . Trap . | . . . . Miscellaneous . | . . . . Route ------- -11/Scrapyard -10/Materials -10/Mines -10/Subcaves (discovered 1 exit: *Mat) History --------- Turn | Location | Event 2 | -11/Scrapyard | Discovered new exit (range 16) 52 | -11/Scrapyard | Entered Materials 307 | -10/Materials | Build established: Mutant 387 | -10/Materials | Discovered new exit (range 11) 415 | -10/Materials | Identified exit to Mines 494 | -10/Materials | Entered Mines 845 | -10/Mines | Discovered new exit (range 6) 862 | -10/Mines | Identified exit to Subcaves 864 | -10/Mines | Entered Subcaves 864 | -10/Subcaves | Accompanied by 2 allies 869 | -10/Subcaves | Led the pair of lost Derelicts to an unsafe place 953 | -10/Subcaves | Discovered new exit (range 10) 968 | -10/Subcaves | Identified exit to Materials 1352 | -10/Subcaves | Ambushed by Subdweller buried in earth 1359 | -10/Subcaves | Core integrity fell below 50% 1394 | -10/Subcaves | Lost 4 parts (1p1n2w) 1438 | -10/Subcaves | Shifting Twisted Machinery released Sub. Beam Cannon 1461 | -10/Subcaves | Shifting Twisted Machinery released Sub. Machine Gun 1568 | -10/Subcaves | Core integrity fell below 20% 1585 | -10/Subcaves | Ambushed by Subdweller buried in earth 1586 | -10/Subcaves | Destroyed by 7D-PO4(R) with Subdweller Machine Gun Last Messages --------------- 01422_ Subatomizers dissect the Sub. Optics, destroying it. Sub. Beam Cannon falls loose from the Twisted Machinery. Sub. Machine Gun falls loose from the Twisted Machinery. 01469_ Dropped Lgt. Armor Plating. 01477_ Acquired Sub. Beam Cannon. 01542_ Triggered Piercing Trap. 01542_ Spikes shoot up from the floor. 01546_ Triggered Piercing Trap. 01546_ Spikes shoot up from the floor. 01546_ Critical hit (Impale). 01552_ Triggered Shrapnel Trap. 01552_ An expanding cloud of shrapnel blasts out in all directions. 01563_ Sub. Machine Gun destroyed. 01565_ Aluminum Leg destroyed. 01571_ Triggered Piercing Trap. 01571_ Spikes shoot up from the floor. 01571_ Critical hit (Impale). 01577_ Discarded Signal Interpreter. 01585_ Aluminum Leg destroyed. 01586_ 7D-PO4(R): "ARGHSUB!" Map ----- +----------------------------------------------------+ | ?????????????????????????????????????????????????? | | ?????????????????????????????????????????????????? | | ?????????????????????????????????????????????????? | | ?????????????????????????????????????????????????? | | ?????????????????????????????????????????????????? | | ?????????????????????????????????????????????????? | | ?????????????????????????????????????????????????? | | ?????????????????????????????????????????????????? | | ?????????????????????????????????????????????????? | | ?????????????????????????????????????????????????? | | ?????????????????????????????????????????????????? | | ?????????????????????????????????????????????????? | | ?????????????????????????????????????????????????? | | ?????????????????????????????????????????????????? | | ?????????????????????????????????????????????????? | | ?????????????????????????????????????????????????? | | ?????????????????????????????????????????????????? | | ??????????????????#??????????????????????????????? | | ??????????????????? ?????????????????????????????? | | ???????????????????? ????????????????????????????? | | ????????????????????? ???#######?????????????????? | | ?????????????????????# ### ;##????????????????? | | ?????????????????????# #;; ##???????????????? | | ??????????????????????#;; ###?????????????? | | ??????????????????????# ; ^##????????????? | | ??????????????????????# R@ ## ##???????????? | | ??????????????????????#;; ;;#### #?#########?? | | ?????????????????????## ;R; ##?## #### ##? | | ?????????????????????# ;# ?#" ### #? | | ?????????????????????# ;;;;;#" ###" #? | | ??????????????????? # " ##" ## #? | | ???????????????? "" #####? | | ?????????????? ; "" ### #?? | | ???????????? # ###? ;; #### ##? | | ????????????## ###???? # # ! #### "## | | ?????????????# ##??????? #### [ ## "# | | ?????????????# ????????? #?#""""" """ | | ????????????? ??????????? """" "### " | | ???????????????????????????"" "" ##?# "## | | ???????????????????????????"? "" ???#### ## | | ????????????????????????????## ?????##"" " | | ?????????????????????????????## ?????# "" | | ??????????????????????????????## ?????# ""#"# | | ?????????????????????????????????????# ###### | | ????????????????????????????????????# ###????### | | ????????????????????????????????????# ?????????# | | ????????????????????????????????????# ?????????? | | ????????????????????????????????????## ?????????? | | ?????????????????????????????????????###?????????? | | ?????????????????????????????????????????????????? | +----------------------------------------------------+ Best States ------------- Heat Dissipation 25 Energy Generation 18 Energy Capacity 250 Matter Stores 300 Matter Capacity 300 Sight Range 16 Terrain Scan Density 10 Armor Coverage 225 Evasion (%) 55 Item Schematics ----------------- None Robot Schematics ------------------ None Fabricated ------------ Nothing Repaired ---------- Nothing Alien Tech Used ----------------- None Achievements -------------- None Challenges ------------ None Game ------ Seed FissionBombardmentPlating Manual? 0 Play Time 00:11:46 Cumulative 637.7 hours Start 2025.06.06 @ 19:23:19 End 2025.06.06 @ 20:39:33 Sessions 3 Manual Loads 0 Difficulty Rogue Special Mode None Game No. 413 Rogue 413 Adventurer 0 Explorer 0 Win Type - Total 38 Types 25/1/6/6/0/0/0/0/0/0 Lore% 67 Gallery% 73 Achievement% 78 Wizard Run 0 Options --------- Layout 0 ASCII 1 Keyboard 1 Movement Numpad Keybinds 0 Fullscreen 2 Font 24/Smallcaps Map View 76x50 Zoom Use 0% Tactical HUD 1 Map Filters NONE Filters NONE Steam 1 RUN: 58c5d210-8e51-44aa-a9df-3353f3f362d1